AoeStats
← Carple

MegaRandom

506517991Analyzed
1v1 RM · 19d ago on Sep 13, 2026· 36m 9s· 2 players
Game mode
Random Map
Map size
Tiny (2 player)
Population
200
Speed
Normal
Resources
Standard
Victory
Conquest
Starting age
Dark Age
Ending age
Imperial Age
RankedLock teamsTeams togetherTeam positionsShared explorationLock speedFull tech treeHidden civsTurbo modeCheats
Victory
Defeat
🇧🇷 Ethiopians · Brazil
1223
+18
🇨🇦 Japanese · Canada
1270
-18
Carple
5:48 Loom
10:41 Feudal Age
11:29 Double-Bit Axe
19:05 Bloodlines
21:27 Castle Age
19:37 Scale Barding Armor
19:43 Forging
19:39 Fletching
20:33 Horse Collar
23:17 Husbandry
24:17 Chain Barding Armor
34:09 Squires
36:33 Scale Mail Armor
Acey
7:26 Loom
10:25 Feudal Age
17:08 Man-at-Arms
18:11 Padded Archer Armor
21:15 Castle Age
19:21 Double-Bit Axe
19:43 Fletching
20:33 Gold Mining
21:16 Crossbowman
21:51 Bodkin Arrow
23:28 Horse Collar
23:39 Gold Mining
25:14 Wheelbarrow
27:02 Ballistics
28:20 Scale Mail Armor
28:33 Forging
29:02 Squires
29:07 Scale Mail Armor
32:48 Iron Casting
32:31 Town Watch
Connection lost

Rejoining the realm…

Still unreachable

The connection could not be restored.

Session expired

The server has moved on; the page needs a fresh start.